TOP OF THE 1ST |
West Palm Reds batting - Pitching for New Hampshire Fisher Cats : RHP Felipe Valdomar
|
Pitching: RHP Felipe Valdomar
|
|
Batting: RHB Lorenzo Guzmán
|
0-0: Foul Ball, location: 2F 0-1: SOLO HOME RUN (Flyball, 9D), Distance : 406 ft
|
Batting: RHB Juan Vareas
|
0-0: Called Strike 0-1: Ball 1-1: Ball 2-1: Foul Ball, location: 2F 2-2: Ground out 5-3 (Groundball, 5)
|
Batting: LHB Jeff McKinney
|
0-0: Ball 1-0: Swinging Strike 1-1: Fly out, F4 (Line Drive, 4)
|
Batting: SHB Todd Smith
|
0-0: Swinging Strike 0-1: Ball 1-1: Ball 2-1: Foul Ball, location: 2F 2-2: Ball 3-2: Strikes out swinging
|
Top of the 1st over - 1 run(s), 1 hit(s), 0 error(s), 0 left on base; West Palm 1 - New Hampshire 0 |
BOTTOM OF THE 1ST |
New Hampshire Fisher Cats batting - Pitching for West Palm Reds : RHP Manabu Mizuno
|
Pitching: RHP Manabu Mizuno
|
|
Batting: LHB Gustavo Lozano
|
0-0: Fly out, F5 (Popup, 5F)
|
Batting: RHB Jim Tracy
|
0-0: Ball 1-0: Foul Ball, location: 2F 1-1: Swinging Strike 1-2: Ball 2-2: Ball 3-2: Foul Ball, location: 2F 3-2: Foul Ball, location: 2F 3-2: SINGLE (Line Drive, 4M)
|
Batting: RHB José Hernández
|
0-0: Called Strike 0-1: Ball 1-1: Foul Ball, location: 2F 1-2: SINGLE (Groundball, 6MD) Jim Tracy to second Runner from 2nd tries for 3rd, SAFE, throw made to third José Hernández to second
|
Batting: RHB Keith Ford
|
0-0: Called Strike 0-1: Foul Ball, location: 2F 0-2: Ball 1-2: Ball 2-2: Strikes out swinging
|
Batting: RHB Roberto Peña
|
0-0: Fly out, F5 (Popup, 5SF)
|
Bottom of the 1st over - 0 run(s), 2 hit(s), 0 error(s), 2 left on base; West Palm 1 - New Hampshire 0 |
TOP OF THE 2ND |
West Palm Reds batting - Pitching for New Hampshire Fisher Cats : RHP Felipe Valdomar
|
Batting: RHB Jack Ray
|
0-0: Ball 1-0: Foul Ball, location: 2F 1-1: Called Strike 1-2: Ball 2-2: Strikes out swinging
|
Batting: LHB Jeff Doss
|
0-0: Ground out 4-3 (Groundball, 4)
|
Batting: LHB Ezechiele Bruno
|
0-0: Foul Ball, location: 2F 0-1: Foul Ball, location: 2F 0-2: Strikes out swinging
|
Top of the 2nd over - 0 run(s), 0 hit(s), 0 error(s), 0 left on base; West Palm 1 - New Hampshire 0 |
BOTTOM OF THE 2ND |
New Hampshire Fisher Cats batting - Pitching for West Palm Reds : RHP Manabu Mizuno
|
Batting: RHB Anthony Hezell
|
0-0: Called Strike 0-1: Ball 1-1: Ground out 4-3 (Groundball, 4)
|
Batting: RHB Phil Matthews
|
0-0: Called Strike 0-1: Ball 1-1: Foul Ball, location: 2F 1-2: Foul Ball, location: 2F 1-2: Ball 2-2: Fly out, F9 (Popup, 4D)
|
Batting: RHB Matt Silver
|
0-0: Foul Ball, location: 2F 0-1: Swinging Strike 0-2: SINGLE (Line Drive, 6D)
|
Batting: RHB Brad French
|
0-0: Ball 1-0: Ball 2-0: Swinging Strike 2-1: Called Strike 2-2: Ball 3-2: Strikes out swinging
|
Bottom of the 2nd over - 0 run(s), 1 hit(s), 0 error(s), 1 left on base; West Palm 1 - New Hampshire 0 |
TOP OF THE 3RD |
West Palm Reds batting - Pitching for New Hampshire Fisher Cats : RHP Felipe Valdomar
|
Batting: LHB Bob Martin
|
0-0: Fly out, F9 (Flyball, 89M)
|
Batting: SHB Alex Hayes
|
0-0: Called Strike 0-1: Ball 1-1: SINGLE (Groundball, 5D)
|
Batting: RHB Lorenzo Guzmán
|
0-0: Ball 1-0: Grounds into double play, 6-4-3 (Groundball, 6)
|
Top of the 3rd over - 0 run(s), 1 hit(s), 0 error(s), 0 left on base; West Palm 1 - New Hampshire 0 |
BOTTOM OF THE 3RD |
New Hampshire Fisher Cats batting - Pitching for West Palm Reds : RHP Manabu Mizuno
|
Batting: LHB Gustavo Lozano
|
0-0: Ground out U3 (Groundball, 3L)
|
Batting: RHB Jim Tracy
|
0-0: Ball 1-0: Ball 2-0: Foul Ball, location: 2F 2-1: Ball 3-1: Ground out 4-3 (Groundball, 4M)
|
Batting: RHB José Hernández
|
0-0: Called Strike 0-1: Ball 1-1: Ball 2-1: Swinging Strike 2-2: Strikes out swinging
|
Bottom of the 3rd over - 0 run(s), 0 hit(s), 0 error(s), 0 left on base; West Palm 1 - New Hampshire 0 |
TOP OF THE 4TH |
West Palm Reds batting - Pitching for New Hampshire Fisher Cats : RHP Felipe Valdomar
|
Batting: RHB Juan Vareas
|
0-0: Ground out 6-3 (Groundball, 6)
|
Batting: LHB Jeff McKinney
|
0-0: Ball 1-0: Swinging Strike 1-1: Hit by Pitch
|
Batting: SHB Todd Smith
|
0-0: Called Strike 0-1: Ball 1-1: Ball Jeff McKinney steals 2nd base 2-1: Ball 3-1: Foul Ball, location: 2F 3-2: Strikes out swinging
|
Batting: RHB Jack Ray
|
0-0: Ball 1-0: Called Strike 1-1: Ball 2-1: Called Strike 2-2: Ball 3-2: Foul Ball, location: 2F 3-2: Base on Balls
|
Batting: LHB Jeff Doss
|
0-0: Foul Ball, location: 2F 0-1: Ball Wild Pitch! Jeff McKinney to third Jack Ray to second 1-1: Ball 2-1: Swinging Strike 2-2: Hit by Pitch
|
Batting: LHB Ezechiele Bruno
|
0-0: Called Strike 0-1: Swinging Strike 0-2: Foul Ball, location: 2F 0-2: Strikes out swinging
|
Top of the 4th over - 0 run(s), 0 hit(s), 0 error(s), 3 left on base; West Palm 1 - New Hampshire 0 |
BOTTOM OF THE 4TH |
New Hampshire Fisher Cats batting - Pitching for West Palm Reds : RHP Manabu Mizuno
|
Batting: RHB Keith Ford
|
0-0: Ball 1-0: SINGLE (Groundball, 3D)
|
Batting: RHB Roberto Peña
|
0-0: Called Strike 0-1: Ball 1-1: Foul Ball, location: 2F 1-2: Ball 2-2: Foul Ball, location: 2F 2-2: Strikes out swinging
|
Batting: RHB Anthony Hezell
|
0-0: Ball 1-0: Ball 2-0: Called Strike 2-1: Ball 3-1: Fly out, F4 (Popup, 4)
|
Batting: RHB Phil Matthews
|
0-0: Fly out, F7 (Flyball, 7M)
|
Bottom of the 4th over - 0 run(s), 1 hit(s), 0 error(s), 1 left on base; West Palm 1 - New Hampshire 0 |
TOP OF THE 5TH |
West Palm Reds batting - Pitching for New Hampshire Fisher Cats : RHP Felipe Valdomar
|
Batting: LHB Bob Martin
|
0-0: Called Strike 0-1: Foul Ball, location: 2F 0-2: Hit by Pitch
|
Batting: SHB Alex Hayes
|
0-0: Ball 1-0: Ball 2-0: Ball 3-0: Called Strike 3-1: Grounds into double play, 6-4-3 (Groundball, 6)
|
Batting: RHB Lorenzo Guzmán
|
0-0: Ball 1-0: Called Strike 1-1: Called Strike 1-2: Ground out 4-3 (Groundball, 4)
|
Top of the 5th over - 0 run(s), 0 hit(s), 0 error(s), 0 left on base; West Palm 1 - New Hampshire 0 |
BOTTOM OF THE 5TH |
New Hampshire Fisher Cats batting - Pitching for West Palm Reds : RHP Manabu Mizuno
|
Batting: RHB Matt Silver
|
0-0: Fly out, F8 (Flyball, 8LM)
|
Batting: RHB Brad French
|
0-0: Ball 1-0: Called Strike 1-1: Called Strike 1-2: Ball 2-2: Ball 3-2: Fly out, F8 (Flyball, 8RM)
|
Batting: LHB Gustavo Lozano
|
0-0: Ball 1-0: Foul Ball, location: 2F 1-1: Foul Ball, location: 2F 1-2: Foul Ball, location: 2F 1-2: Foul Ball, location: 2F 1-2: Ground out U3 (Groundball, 3)
|
Bottom of the 5th over - 0 run(s), 0 hit(s), 0 error(s), 0 left on base; West Palm 1 - New Hampshire 0 |
TOP OF THE 6TH |
West Palm Reds batting - Pitching for New Hampshire Fisher Cats : RHP Felipe Valdomar
|
Batting: RHB Juan Vareas
|
0-0: Called Strike 0-1: Swinging Strike 0-2: Ball 1-2: Strikes out swinging
|
Batting: LHB Jeff McKinney
|
0-0: Ball 1-0: Ball 2-0: Called Strike 2-1: Foul Ball, location: 2F 2-2: Ball 3-2: Base on Balls
|
Batting: SHB Todd Smith
|
0-0: Ball 1-0: Foul Ball, location: 2F 1-1: SINGLE (Groundball, 4MD) Jeff McKinney to second
|
Batting: RHB Jack Ray
|
0-0: Foul Ball, location: 2F 0-1: Swinging Strike 0-2: Ball 1-2: Ball 2-2: SINGLE (Groundball, 34D) Jeff McKinney to third Todd Smith to second
|
Batting: LHB Jeff Doss
|
0-0: Ball 1-0: Called Strike 1-1: Ball 2-1: Ball 3-1: Base on Balls Jeff McKinney scores Todd Smith to third Jack Ray to second
|
Batting: LHB Ezechiele Bruno
|
0-0: Ball 1-0: Fly out, F5 (Line Drive, 5SF)
|
Batting: LHB Bob Martin
|
0-0: Ball 1-0: Ball 2-0: Ball 3-0: Called Strike 3-1: Base on Balls Todd Smith scores Jack Ray to third Jeff Doss to second
|
Pitching: RHP Jorge Flores
|
|
Batting: SHB Alex Hayes
|
0-0: Called Strike 0-1: Called Strike 0-2: Ball 1-2: Ball Wild Pitch! Jack Ray scores Jeff Doss to third Bob Martin to second 2-2: SINGLE (Groundball, 5D) Jeff Doss scores Bob Martin to third Runner from 3rd tries for Home, SAFE, no throw or cutoff
|
Batting: RHB Lorenzo Guzmán
|
0-0: Ball 1-0: Ball 2-0: SINGLE (Line Drive, 89S) Alex Hayes to second
|
Batting: RHB Juan Vareas
|
0-0: Ball 1-0: Foul Ball, location: 2F 1-1: Ball 2-1: Foul Ball, location: 2F 2-2: Ball 3-2: Base on Balls Alex Hayes to third Lorenzo Guzmán to second
|
Batting: LHB Jeff McKinney
|
0-0: Ball 1-0: Ball 2-0: Foul Ball, location: 2F 2-1: Foul Ball, location: 2F 2-2: GRAND SLAM HOME RUN (Flyball, 89XD), Distance : 404 ft
|
Batting: SHB Todd Smith
|
0-0: Foul Ball, location: 2F 0-1: Ball 1-1: DOUBLE (Groundball, 3L)
|
Pitching: LHP Roberto Ontiveros
|
|
Batting: RHB Jack Ray
|
0-0: Called Strike 0-1: Ball 1-1: Called Strike 1-2: Strikes out looking
|
Top of the 6th over - 9 run(s), 6 hit(s), 0 error(s), 1 left on base; West Palm 10 - New Hampshire 0 |
BOTTOM OF THE 6TH |
New Hampshire Fisher Cats batting - Pitching for West Palm Reds : RHP Manabu Mizuno
|
Batting: RHB Jim Tracy
|
0-0: Ball 1-0: Foul Ball, location: 2F 1-1: Fly out, F7 (Flyball, 7S)
|
Batting: RHB José Hernández
|
0-0: Ball 1-0: Called Strike 1-1: Ball 2-1: Fly out, F6 (Popup, 6)
|
Batting: RHB Keith Ford
|
0-0: SINGLE (Groundball, 6M)
|
Batting: RHB Roberto Peña
|
0-0: Foul Ball, location: 2F 0-1: Swinging Strike 0-2: Ball 1-2: Ball 2-2: Fly out, F8 (Flyball, 89XD)
|
Bottom of the 6th over - 0 run(s), 1 hit(s), 0 error(s), 1 left on base; West Palm 10 - New Hampshire 0 |
TOP OF THE 7TH |
West Palm Reds batting - Pitching for New Hampshire Fisher Cats : LHP Roberto Ontiveros
|
Batting: LHB Jeff Doss
|
0-0: Called Strike 0-1: Ball 1-1: Ground out 1-3 (Groundball, 13S)
|
Batting: LHB Ezechiele Bruno
|
0-0: Called Strike 0-1: Ball 1-1: Foul Ball, location: 2F 1-2: Foul Ball, location: 2F 1-2: Ground out 6-3 (Groundball, 6)
|
Pinch Hitting: RHB Carlos García
|
0-0: Called Strike 0-1: Ball 1-1: Foul Ball, location: 2F 1-2: Ball 2-2: DOUBLE (Line Drive, 7LD)
|
Batting: SHB Alex Hayes
|
0-0: Ball 1-0: Ball 2-0: Ball 3-0: Base on Balls
|
Pitching: RHP Armando Rodríguez
|
|
Batting: RHB Lorenzo Guzmán
|
0-0: Foul Ball, location: 2F 0-1: Ball 1-1: Ball 2-1: Swinging Strike 2-2: Ball 3-2: Strikes out swinging
|
Top of the 7th over - 0 run(s), 1 hit(s), 0 error(s), 2 left on base; West Palm 10 - New Hampshire 0 |
BOTTOM OF THE 7TH |
New Hampshire Fisher Cats batting - Pitching for West Palm Reds : RHP Manabu Mizuno
|
Now at 3B: Carlos García
|
|
Batting: RHB Anthony Hezell
|
0-0: Foul Ball, location: 2F 0-1: Foul Ball, location: 2F 0-2: Ball 1-2: Ball 2-2: Strikes out swinging
|
Batting: RHB Phil Matthews
|
0-0: Called Strike 0-1: Foul Ball, location: 2F 0-2: Ball 1-2: Ball 2-2: Ball 3-2: Foul Ball, location: 2F 3-2: Foul Ball, location: 2F 3-2: Foul Ball, location: 2F 3-2: Fly out, F7 (Flyball, 78M)
|
Batting: RHB Matt Silver
|
0-0: SINGLE (Line Drive, 7S)
|
Pitching: RHP Butch Ramey
|
|
Batting: RHB Brad French
|
0-0: Ball 1-0: Called Strike 1-1: Foul Ball, location: 2F 1-2: Ball Matt Silver steals 2nd base 2-2: Strikes out swinging
|
Bottom of the 7th over - 0 run(s), 1 hit(s), 0 error(s), 1 left on base; West Palm 10 - New Hampshire 0 |
TOP OF THE 8TH |
West Palm Reds batting - Pitching for New Hampshire Fisher Cats : RHP Armando Rodríguez
|
Batting: RHB Juan Vareas
|
0-0: Foul Ball, location: 2F 0-1: Swinging Strike 0-2: Ball 1-2: Foul Ball, location: 2F 1-2: Foul Ball, location: 2F 1-2: Strikes out looking
|
Batting: LHB Jeff McKinney
|
0-0: Foul Ball, location: 2F 0-1: Ball 1-1: Ball 2-1: Foul Ball, location: 2F 2-2: Foul Ball, location: 2F 2-2: Ball 3-2: Fly out, F8 (Popup, 8RS)
|
Pinch Hitting: LHB Enrique Cortéz
|
0-0: Ball 1-0: Foul Ball, location: 2F 1-1: Called Strike 1-2: Foul Ball, location: 2F 1-2: DOUBLE (Line Drive, 9LM)
|
Pitching: LHP Carlos Berru
|
|
Batting: RHB Jack Ray
|
0-0: Ball 1-0: Foul Ball, location: 2F 1-1: Foul Ball, location: 2F 1-2: SINGLE (Line Drive, 9LS) Enrique Cortéz to third
|
Batting: LHB Jeff Doss
|
0-0: Foul Ball, location: 2F 0-1: Called Strike 0-2: Strikes out swinging
|
Top of the 8th over - 0 run(s), 2 hit(s), 0 error(s), 2 left on base; West Palm 10 - New Hampshire 0 |
BOTTOM OF THE 8TH |
New Hampshire Fisher Cats batting - Pitching for West Palm Reds : RHP Butch Ramey
|
Now in CF: Jermaine Carter
|
|
Batting: LHB Gustavo Lozano
|
0-0: Swinging Strike 0-1: Ball 1-1: Ball 2-1: SINGLE (Groundball, 34D)
|
Batting: RHB Jim Tracy
|
0-0: Foul Ball, location: 2F 0-1: Swinging Strike 0-2: Strikes out looking
|
Pinch Hitting: LHB Sam Barnes
|
0-0: Called Strike 0-1: Ball Wild Pitch! Gustavo Lozano to second 1-1: Foul Ball, location: 2F 1-2: Foul Ball, location: 2F 1-2: Strikes out swinging
|
Batting: RHB Keith Ford
|
0-0: Called Strike 0-1: Swinging Strike 0-2: Ball 1-2: Fly out, F3 (Line Drive, 3S)
|
Bottom of the 8th over - 0 run(s), 1 hit(s), 0 error(s), 1 left on base; West Palm 10 - New Hampshire 0 |
TOP OF THE 9TH |
West Palm Reds batting - Pitching for New Hampshire Fisher Cats : LHP Carlos Berru
|
Now at 2B: Scott Briggs
|
|
Batting: LHB Ezechiele Bruno
|
0-0: Ground out 4-3 (Groundball, 34)
|
Batting: RHB Carlos García
|
0-0: Ball 1-0: Called Strike 1-1: Ball 2-1: Ground out 1-3 (Groundball, 13S)
|
Batting: SHB Alex Hayes
|
0-0: Foul Ball, location: 2F 0-1: Swinging Strike 0-2: Foul Ball, location: 2F 0-2: Ball 1-2: Ball 2-2: Strikes out swinging
|
Top of the 9th over - 0 run(s), 0 hit(s), 0 error(s), 0 left on base; West Palm 10 - New Hampshire 0 |
BOTTOM OF THE 9TH |
New Hampshire Fisher Cats batting - Pitching for West Palm Reds : RHP Butch Ramey
|
Now at 1B: Félix García
|
|
Batting: RHB Roberto Peña
|
0-0: Called Strike 0-1: Ground out 4-3 (Groundball, 4M)
|
Batting: RHB Anthony Hezell
|
0-0: SINGLE (Line Drive, 78S)
|
Batting: RHB Phil Matthews
|
0-0: Called Strike 0-1: Ball 1-1: Swinging Strike 1-2: Ball 2-2: Strikes out looking
|
Batting: RHB Matt Silver
|
0-0: Ball 1-0: Swinging Strike 1-1: Foul Ball, location: 2F 1-2: Strikes out looking
|
Bottom of the 9th over - 0 run(s), 1 hit(s), 0 error(s), 1 left on base; West Palm 10 - New Hampshire 0 |
|